 Dungeon Crawl Stone Soup version 0.30-a0-722-g3e6e8c874d (webtiles) character file.

Game seed: 3947985324352602410

3670 drugrobin the Grappler (level 9, 0/78 (79) HPs)
             Began as a Demigod Delver on Jan 28, 2023.
             Succumbed to a hornet's poison
             ... on level 7 of the Dungeon.
             The game lasted 00:18:14 (7495 turns).

drugrobin the Grappler (Demigod Delver)             Turns: 7495, Time: 00:18:14

HP:   0/78 (79)     AC: 15    Str: 21    XL:     9   Next: 59%
MP:   11/11         EV:  6    Int: 12    God:
Gold: 532           SH:  0    Dex: 19    Spells: 8/8 levels left

rFire   . . .      SeeInvis .    b - +1 short sword (venom)
rCold   . . .      Faith    .    (no shield)
rNeg    . . .      Spirit   .    r - +1 plate armour of Zishie {+Blink rElec Stlth+}
rPois   .          Reflect  .    L - +1 helmet
rElec   +          Harm     .    (no cloak)
rCorr   .          Rampage  .    (no gloves)
Will    .....                    G - +1 pair of boots Stlth
                                 (no amulet)
HPRegen 0.33/turn                (no ring)
MPRegen 0.12/turn                (no ring)

@: lethally poisoned (0 -> -24), slowed, lightly drained, very slow
A: high MP 1, forlorn, divine attributes
a: Evoke Blink


You were on level 7 of the Dungeon.
You visited 1 branch of the dungeon, and saw 8 of its levels.
You also visited: Ossuary.

You collected 622 gold pieces.
You spent 90 gold pieces at shops.

Inventory:

Hand Weapons
 b - a +1 short sword of venom (weapon)
 c - the +7 Throatcutter {drain, coup de grace}
   (You found it on level 4 of the Dungeon)
 d - a +0 shortbow of draining
 e - a +1 dagger of speed
 f - a +0 sling
Missiles
 o - 7 javelins (quivered)
 H - 5 silver javelins
 I - 9 poisoned darts
 K - 4 atropa-tipped darts
Armour
 p - a +2 leather armour of willpower
 r - the +1 plate armour of Zishie (worn) {+Blink rElec Stlth+}
   (You found it on level 2 of the Dungeon)

   rElec:     It insulates you from electricity.
   +Blink:    It lets you blink.
   Stlth:     It makes you more stealthy.
 w - a +2 leather armour of fire resistance
 G - a +1 pair of boots (worn)
 L - a +1 helmet (worn)
 N - a +0 robe of cold resistance
Magical Staves
 T - a staff of poison
Wands
 v - a wand of iceblast (3)
 O - a wand of flame (33)
 U - a wand of digging (3)
Scrolls
 a - a scroll of noise {unknown}
 j - 4 scrolls of immolation {unknown}
 k - 3 scrolls of fog
 l - 2 scrolls of magic mapping
 m - 4 scrolls of teleportation {unknown}
 n - 5 scrolls of identify {unknown}
 u - a scroll of vulnerability {unknown}
 y - a scroll of poison
 B - 2 scrolls of enchant armour {unknown}
 C - 2 scrolls of amnesia {unknown}
 D - a scroll of enchant weapon {unknown}
 Q - a scroll of fear
 R - a scroll of summoning {unknown}
Potions
 g - 2 potions of might
 h - 4 potions of berserk rage {unknown}
 i - 3 potions of flight {unknown}
 q - 10 potions of curing {unknown}
 s - 3 potions of brilliance {unknown}
 t - a potion of cancellation {unknown}
 x - 3 potions of resistance {unknown}
 z - 6 potions of heal wounds
 A - 4 potions of mutation {unknown}
 E - a potion of attraction {unknown}
 F - 3 potions of ambrosia {unknown}
 J - 4 potions of haste
 M - a potion of invisibility {unknown}
 P - a potion of degeneration {unknown}
 S - a potion of magic {unknown}


   Skills:
 + Level 7.5 Fighting
 - Level 1.7 Dodging
 - Level 4.5 Stealth
 * Level 11.2 Unarmed Combat


You had 8 spell levels left.
You didn't know any spells.
Your spell library contained the following spells:

 Spells                   Type           Power      Damage    Failure   Level
 Kiss of Death            Conj/Necr      0%         2d5       100%        1
 Sandblast                Erth           0%         2d4       100%        1
 Passwall                 Tmut/Erth      0%         N/A       100%        2
 Stone Arrow              Conj/Erth      0%         3d7       100%        3
 Leda's Liquefaction      Hex/Erth       0%         N/A       100%        4
 Olgreb's Toxic Radiance  Pois           0%         N/A       100%        4
 Lee's Rapid Deconstruct  Erth           0%         3d4*      100%        5
 Statue Form              Tmut/Erth      0%         N/A       100%        6


Dungeon Overview and Level Annotations

Branches:
Dungeon (8/15)             Temple (0/1) D:6         Ossuary (visited)
   Lair: D:8-11

Shops:
D:1 *


Innate Abilities, Weirdness & Mutations

You have an increased reservoir of magic. (+10% MP)
You shall have no god before yourself.
Your divine heritage dramatically boosts your attributes as you level up.


Message History

Unknown command.
Unknown command.
Unknown command.
Unknown command.
Unknown command.
Unknown command.
Aiming: Throw Flame
Press: ? - help, Shift-Dir - straight line, f - hornet
Aim: a hornet (heavily wounded, very poisoned, 52% to hit)
The puff of flame hits the hornet.
The hornet is heavily wounded.
* * * LOW HITPOINT WARNING * * *
You feel extremely sick. The hornet stings you.
* * * LOW HITPOINT WARNING * * *
You feel as though you will be slow longer.
The hornet barely misses you.
Unknown command.
Unknown command.
Aiming: Throw Flame
Press: ? - help, Shift-Dir - straight line, f/p - hornet
Aim: a hornet (severely wounded, very poisoned, 52% to hit)
The puff of flame hits the hornet.
The hornet is severely wounded.
* * * LOW HITPOINT WARNING * * *
You feel very sick. The hornet stings you.
* * * LOW HITPOINT WARNING * * *
You are more poisoned.
You feel as though you will be slow longer.
The hornet stings you but does no damage.
Unknown command.
Unknown command.
Unknown command.
Aiming: Throw Flame
Press: ? - help, Shift-Dir - straight line, f/p - hornet
Aim: a hornet (almost dead, very poisoned, 52% to hit)
The puff of flame hits the hornet!
You kill the hornet!
You die...

.≈~≈...♣##..#.....<..#.....#.....
......♣♣ ##.#........#.....#.....
.....♣♣ #.'........##.÷.##.....
♣...♣♣ #.#........[##.##......
.....♣♣ #.#.(......))....<.....
......♣♣ ####......#############
.≈~≈...♣ #......# ≈≈~≈≈..♣♣
#......# ~~_~~...♣ #..@...#
≈≈~≈≈..♣♣ #......# .≈~≈...♣
#......# ......♣♣ #......#
.....♣♣ #......# ♣...♣♣
####......############# .....♣♣
#......#####.......>... ......♣♣
##......# #........... .≈~≈...♣
#.......# #.).........


There were no monsters in sight!

Vanquished Creatures
  A hornet (D:7)
  Sigmund (D:6)
  A wyvern (D:7)
  Edmund (D:6)
  Duvessa (D:6)
  A water moccasin (D:6)
  3 sky beasts
  2 black bears
  2 centaurs
  3 phantoms
  3 necrophages
  3 bullfrogs
  Blork the orc (D:6)
  2 scorpions
  2 wights (D:5)
  Dowan (D:6)
  4 killer bees (D:7)
  An electric eel (D:8)
  5 howler monkeys
  3 bullfrog zombies (D:5)
  A gnoll bouda (D:7)
  4 orc priests (D:3)
  A human zombie (D:5)
  A centaur zombie (D:5)
  3 hounds
  5 jellies
  3 iguanas
  An orc wizard (D:3)
  2 scorpion zombies (D:5)
  10 mummies
  7 gnolls
  8 adders
  An ufetubus (D:6)
  2 worms
  5 dart slugs
  7 orcs
  18 ball pythons
  A bat (D:1)
  4 endoplasms (D:1)
  8 giant cockroaches
  7 hobgoblins
  4 jackals (D:3)
  4 quokkas
  8 frilled lizards
  3 gnoll zombies (Ossuary)
  6 goblins
  2 hobgoblin zombies
  10 kobolds
  3 kobold zombies
  2 orc zombies (Ossuary)
  4 rats (D:1)
186 creatures vanquished.

Vanquished Creatures (others)
  2 plants
2 creatures vanquished.

Grand Total: 188 creatures vanquished

Notes
Turn   | Place    | Note
-------+----------+-------------------------------------------
     0 | D:5      | drugrobin the Demigod Delver began the quest for the Orb.
     0 | D:5      | Reached XP level 1. HP: 18/18 MP: 3/3
   186 | D:4      | Reached skill level 2 in Unarmed Combat
   395 | D:3      | Noticed an orc priest
   437 | D:2      | Reached XP level 2. HP: 8/25 MP: 4/4
   536 | D:2      | Reached skill level 3 in Unarmed Combat
   779 | D:2      | Reached XP level 3. HP: 30/30 MP: 5/5
   866 | D:2      | Identified the +1 plate armour of Zishie {+Blink rElec
                  | Stlth+}
  1087 | D:2      | Reached skill level 4 in Unarmed Combat
  1187 | D:1      | Reached XP level 4. HP: 35/37 MP: 6/6
  1479 | D:1      | Found Mutooxee's General Store.
  1509 | D:1      | Bought a potion of heal wounds for 50 gold pieces
  1509 | D:1      | Bought a scroll of poison for 40 gold pieces
  2126 | D:3      | Reached skill level 5 in Unarmed Combat
  2130 | D:3      | Reached XP level 5. HP: 30/42 MP: 7/7
  2448 | D:3      | Noticed an ogre
  3261 | D:3      | Reached XP level 6. HP: 40/51 MP: 8/8
  3339 | D:4      | Reached skill level 6 in Unarmed Combat
  3595 | D:4      | Found the +7 Throatcutter {drain, coup de grace}
  4014 | D:5      | Reached XP level 7. HP: 49/59 MP: 9/9
  4167 | D:5      | Reached skill level 7 in Unarmed Combat
  4373 | D:5      | Identified the +2 scimitar "Naron" {protect, rPois rC-
                  | Dex+4}
  4508 | D:5      | Got the Folio of the Autopsy and Filth
  4928 | D:5      | Reached skill level 8 in Unarmed Combat
  4934 | D:5      | Reached skill level 5 in Fighting
  4947 | D:5      | Reached XP level 8. HP: 61/68 MP: 10/10
  5199 | D:6      | Noticed Sigmund
  5207 | D:6      | Killed Sigmund
  5208 | D:6      | Reached skill level 9 in Unarmed Combat
  5221 | D:6      | Found a sand-covered staircase.
  5230 | Ossuary  | Entered an ossuary
  5599 | D:6      | Noticed Edmund
  5616 | D:6      | Killed Edmund
  5813 | D:6      | Found a staircase to the Ecumenical Temple.
  5935 | D:6      | Noticed Duvessa
  5935 | D:6      | Noticed Dowan
  5946 | D:6      | Killed Duvessa
  5955 | D:6      | Killed Dowan
  5960 | D:6      | Reached XP level 9. HP: 39/78 MP: 11/11
  6155 | D:6      | Noticed Blork the orc
  6174 | D:7      | Reached skill level 10 in Unarmed Combat
  6418 | D:6      | Killed Blork the orc
  7168 | D:7      | Reached skill level 11 in Unarmed Combat
  7495 | D:7      | Succumbed to a hornet's poison

Illustrated notes

Levels and vault maps discovered:
D:1:      elethiomel_arrival_shortcut, layout_basic, serial_shops,
          nicolae_shop_competitors_out_of_business, serial_bayou_pond_a,
          serial_bayou_pond_d
D:2:      layout_basic, chequers_ecumenical_altar_simple, basic_altar,
          minmay_snake_closets
D:3:      layout_loops_cross
D:4:      minmay_spotlight, layout_cave_pools, dilly_guarded_unrand_throatcut
D:5:      layout_loops_corners, lemuel_mausoleum_altar_yredelemnul,
          fedhas_altar_1, corexii_shack, chequers_serial_rivers_micro_a
D:6:      layout_loops_ring, pdpol_wu_jian_five_deadly_venoms,
          minmay_temple_entry_hall, nicolae_ossuary_entry_giza, uniq_duvessa,
          uniq_sigmund, uniq_blork_the_orc, uniq_edmund
D:7:      layout_gridville, marbit_many_paths, okawaru_metal_pillars_1_2,
          elyvilon_altar_3
D:8:      layout_loops_cross, lemuel_round_altar,
          chequers_serial_rivers_micro_c, solitary_fountain, chequers_big_river

Skill      XL: |  1  2  3  4  5  6  7  8  9 |
---------------+----------------------------+-----
Unarmed Combat | 2 3 4 5 6 8 9 11 | 11.2
Fighting       | 3 4 5 6 7 |  7.5
Dodging        | |  1.7
Stealth        | |  4.5

Action                     |  1- 3 |  4- 6 |  7- 9 || total
---------------------------+-------+-------+-------++-------
  Melee: Unarmed           |    40 |     8 |    24 ||    72
         Dagger            |   116 |       |       ||   116
         Punch             |     5 |     7 |    12 ||    24
         Short sword       |       |   196 |    34 ||   230
         Long sword        |       |    10 |   174 ||   184
   Fire: Sling             |     8 |       |       ||     8
         Shortbow          |       |       |    14 ||    14
  Throw: Javelin           |       |     4 |    14 ||    18
  Evoke: Wand              |       |       |     3 ||     3
    Use: Scroll            |       |     1 |       ||     1
   Stab: Sleeping          |     7 |       |       ||     7
 Armour: Leather armour    |    22 |       |       ||    22
         Plate armour      |    20 |   150 |   171 ||   341
  Dodge: Dodged            |    57 |    36 |    66 ||   159

Table legend: (Time is in decaauts)
 A = Elapsed time spent in this place.
 B = Non-inter-level travel time spent in this place.
 C = Inter-level travel time spent in this place.
 D = Time resting spent in this place.
 E = Time spent auto-exploring this place.
 F = Levels seen in this place.
 G = Mean time per level.
                   A        B        C        D        E       F      G
               +--------+--------+--------+--------+--------+-----+--------+
         Total |   7538 |   7163 |    375 |    947 |   4058 |   9 |  837.6 |
       Dungeon |   7210 |   6835 |    375 |    929 |   3937 |   8 |  901.2 |
       Ossuary |    327 |    327 |      0 |     18 |    121 |   1 |  327.0 |
               +--------+--------+--------+--------+--------+-----+--------+

Top non-repeatable levels by time:
     D:5: 1305 daAuts
     D:6: 1174 daAuts
     D:2: 1161 daAuts
     D:7: 1008 daAuts
     D:4: 848 daAuts
     D:1: 841 daAuts
     D:3: 832 daAuts
 Ossuary: 327 daAuts
     D:8: 38 daAuts
